Map: Divergence LE

Players

Hemoglobina

  • Race: Protoss Protoss
  • League: Platinum
  • Spawn Location: 11:00

Tedson

  • Race: Protoss Protoss
  • Spawn Location: 11:00

Massa - Winner!

  • Race: Terran Terran
  • League: Gold
  • Spawn Location: 5:00

qqq - Winner!

  • Race: Zerg Zerg
  • League: Platinum
  • Spawn Location: 5:00

VOD

Have the link to the VOD?

Description

Time

  • Played on: May 28, 2020, 3:53 p.m.
  • Length: 5:30
Show
View Real Time Build Order
Export as new Build Order

Hemoglobina Protoss 

Build Orders:  

Get SALT Encoding   

  12  0:02  Probe (Chrono Boost)  
  13  0:11  Probe (Chrono Boost)  
  14  0:18  Pylon  
  14  0:20  Probe  
  15  0:36  Probe  
  15  0:40  Gateway  
  16  0:49  Probe  
  17  0:58  Gateway  
  17  1:01  Assimilator  
  17  1:10  Probe (Chrono Boost)  
  18  1:13  Pylon  
  18  1:20  Probe (Chrono Boost)  
  19  1:33  Cybernetics Core  
  19  1:38  Probe  
  20  1:46  Zealot, Assimilator  
  22  1:50  Probe  
  23  2:10  Stalker  
  23  2:12  Probe (Chrono Boost)  
  23  2:13  Stalker  
  28  2:20  Gateway  
  28  2:22  Probe (Chrono Boost)  
  29  2:36  Robotics Facility  
  29  2:46  Probe  
  29  2:51  Pylon  
  30  3:04  Pylon  
  30  3:10  Probe  
  31  3:13  Stalker  
  31  3:16  Pylon, Stalker  
  35  3:22  Probe  
  36  3:31  Immortal (Chrono Boost)  
  40  3:42  Probe  
  41  3:59  Pylon  
  40  4:03  Immortal (Chrono Boost)  
  40  4:09  Probe  
  45  4:16  Stalker  
  47  4:21  Probe  
  42  4:33  Probe  
  42  4:36  Stalker  
  42  4:37  Stalker  
Show
View Real Time Build Order
Export as new Build Order

Tedson Protoss 

Build Orders:  

Get SALT Encoding   

  12  0:01  Probe (Chrono Boost)  
  13  0:13  Probe (Chrono Boost)  
  14  0:18  Pylon  
  14  0:22  Probe (Chrono Boost)  
  15  0:36  Probe  
  15  0:41  Gateway  
  16  0:48  Probe  
  17  0:54  Assimilator  
  17  1:10  Probe (Chrono Boost)  
  18  1:20  Probe (Chrono Boost)  
  21  1:32  Zealot  
  21  1:48  Nexus  
  21  1:56  Cybernetics Core  
  21  1:58  Pylon  
  21  2:09  Pylon  
  21  2:21  Probe (Chrono Boost)  
  21  2:29  Zealot  
  23  2:33  Probe (Chrono Boost)  
  24  2:38  Stargate  
  24  2:40  Probe (Chrono Boost)  
  24  2:43  Warp Gate  
  25  2:45  Gateway  
  25  2:49  Probe  
  26  2:55  Assimilator  
  26  2:58  Zealot  
  26  3:05  Probe (Chrono Boost)  
  30  3:07  Probe (Chrono Boost)  
  31  3:12  Probe (Chrono Boost)  
  31  3:18  Probe (Chrono Boost)  
  33  3:28  Probe (Chrono Boost), Void Ray  
  33  3:32  Zealot  
  33  3:33  Probe (Chrono Boost)  
  40  3:51  Probe  
  40  3:54  Assimilator  
  41  3:56  Probe  
  41  4:00  Pylon  
  42  4:03  Probe  
  42  4:08  Probe  
  44  4:10  Shield Battery  
  44  4:12  Zealot x2  
  44  4:15  Probe  
  26  4:52  Probe  
  15  5:03  Pylon  
  15  5:05  Probe, Pylon  
  15  5:17  Probe  
Show
View Real Time Build Order
Export as new Build Order

Massa Terran - Winner!

Build Orders:  

Get SALT Encoding   

  12  0:08  SCV  
  13  0:16  Supply Depot  
  13  0:20  SCV  
  14  0:32  SCV  
  15  0:40  Barracks  
  15  0:44  SCV  
  16  0:52  Supply Depot  
  16  0:59  SCV  
  17  1:11  SCV  
  17  1:15  Refinery  
  18  1:23  SCV, Barracks  
  19  1:33  Marine  
  20  1:47  Orbital Command  
  20  1:51  Marine  
  21  1:59  Barracks  
  21  2:10  Barracks  
  21  2:14  Marine x2  
  23  2:31  Marine  
  23  2:32  Marine, Supply Depot  
  23  2:35  Supply Depot  
  25  2:39  Supply Depot  
  25  2:49  Marine x2  
  27  2:58  Marine x2  
  28  3:04  Factory  
  29  3:06  SCV  
  29  3:07  Marine  
  29  3:12  Marine  
  32  3:16  Marine x2  
  34  3:25  Marine  
  35  3:29  Marine  
  35  3:33  Marine  
  37  3:34  Marine  
  38  3:43  Marine  
  38  3:47  Marine  
  40  3:51  Marine  
  40  3:52  Marine  
  40  3:53  Factory Tech Lab  
  42  4:00  Marine  
  43  4:05  Marine  
  43  4:09  Marine x2  
  46  4:18  Marine  
  46  4:19  Siege Tank  
  46  4:23  Marine  
  51  4:27  Marine x2  
  53  4:36  Marine  
  54  4:41  Marine  
  54  4:45  Marine x2  
  55  5:08  Marine  
  55  5:10  Marine x2  
  55  5:11  Marine  
Show
View Real Time Build Order
Export as new Build Order

qqq Zerg - Winner!

Build Orders: Hatch First 

Get SALT Encoding   

  12  0:03  Drone  
  13  0:08  Drone  
  14  0:39  Hatchery  
  13  1:02  Overlord  
  13  1:03  Drone  
  14  1:05  Extractor  
  13  1:17  Drone  
  14  1:21  Drone  
  14  1:24  Spawning Pool  
  14  1:25  Drone  
  15  1:38  Extractor  
  14  1:42  Drone  
  15  1:51  Drone  
  16  2:04  Drone  
  17  2:09  Drone  
  17  2:13  Drone  
  17  2:15  Hatchery  
  18  2:18  Zergling x2  
  19  2:29  Queen  
  21  2:33  Drone  
  22  2:39  Metabolic Boost  
  22  2:44  Zergling x2  
  22  2:47  Zergling x2  
  24  2:51  Zergling x2  
  24  2:54  Drone  
  26  3:00  Overlord  
  26  3:04  Drone  
  27  3:07  Drone  
  27  3:12  Overlord  
  29  3:20  Zergling x2  
  29  3:21  Zergling x4  
  31  3:29  Overlord  
  31  3:30  Zergling x4  
  33  3:38  Zergling x2  
  33  3:40  Drone  
  35  3:41  Zergling x2  
  36  3:52  Zergling x6  
  36  3:54  Drone  
  40  3:59  Zergling x2  
  40  4:00  Drone x2  
  40  4:02  Queen  
  43  4:05  Drone  
  46  4:12  Zergling x2  
  46  4:13  Drone  
  46  4:14  Zergling x2  
  49  4:20  Zergling x6  
  49  4:23  Overlord  
  46  4:46  Zergling x2  
  46  4:47  Zergling x4  
  46  4:48  Zergling x10  
  50  4:53  Queen  
  50  4:54  Drone  
  50  4:56  Zergling x6  
  51  5:06  Zergling x4  
Tags
 
Add a new tag
Caveats
  • Supply blocks, unpowered buildings, or Contaminate may cause inaccurate times.
  • Supply counts are checked every 10 seconds.